 Dungeon Crawl Stone Soup version 0.31-a0-233-g139696dc86 (webtiles) character file.

Game seed: 4494379626247454528

466 Iich the Cleaver (level 7, 0/63 HPs)
             Began as a Hill Orc Fighter on July 8, 2023.
             Succumbed to a water moccasin's poison
             ... on level 5 of the Dungeon.
             The game lasted 00:04:12 (1659 turns).

Iich the Cleaver (Hill Orc Fighter)                 Turns: 1659, Time: 00:04:12

Health: 0/63       AC:  8    Str: 19    XL:     7   Next: 8%
Magic:  7/7        EV:  9    Int:  8    God:
Gold:   34         SH:  4    Dex: 12    Spells: 6/6 levels left

rFire   . . .        a - +0 war axe
rCold   . . .        c - +0 buckler
rNeg    . . .        b - +0 scale mail
rPois   .            (no helmet)
rElec   .            e - +0 cloak
rCorr   .            (no gloves)
SInv    .            (no boots)
Will    .....        o - amulet of the acrobat Stlth
                     (no ring)
HPRegen 0.30/turn    (no ring)
MPRegen 0.10/turn

%: acrobat
@: mighty, lethally poisoned (0 -> -18)
A: no striking features
a: no special abilities


You were on level 5 of the Dungeon.
You visited 1 branch of the dungeon, and saw 6 of its levels.

You collected 34 gold pieces.

Inventory:

Hand Weapons
 a - a +0 war axe (weapon)
Missiles
 i - 3 curare-tipped darts
Armour
 b - a +0 scale mail (worn)
 c - a +0 buckler (worn)
 e - a +0 cloak (worn)
Jewellery
 o - an amulet of the acrobat (around neck)
Scrolls
 f - a scroll of vulnerability {unknown}
 g - a scroll of noise
 l - a scroll of revelation {unknown}
 t - 2 scrolls of teleportation
Potions
 d - a potion of might
 h - a potion of cancellation {unknown}
 j - a potion of enlightenment {unknown}
 k - a potion of lignification
 m - a potion of degeneration {unknown}
 n - a potion of berserk rage {unknown}


   Skills:
 + Level 6.1 Fighting
 * Level 8.1 Axes
 - Level 3.2 Armour
 - Level 3.2 Shields


You had 6 spell levels left.
You didn't know any spells.
Your spell library was empty.

Dungeon Overview and Level Annotations

Branches:
Dungeon (6/15)
 Temple: D:4-7

Altars:
Gozag


Message History

You kneel at the altar of Gozag.
Gozag does not accept service from beggars like you!
The service fee for joining is currently 69 gold; you only have 34.
Unknown command.
Press < or > to pray at altars.
Unknown command.
Press < or > to pray at altars.
You closely miss the water moccasin.
You feel sick. The water moccasin bites you.
You are more poisoned.
The water moccasin poisons you!
The centaur shoots an arrow.
The arrow hits you.
* * * LOW HITPOINT WARNING * * *
The water moccasin closely misses you.
The centaur shoots an arrow.
The arrow barely misses you.
You take 7 damage, and have 27/63 hp.
You miss the water moccasin.
You feel very sick. You block the water moccasin's attack.
The water moccasin bites you.
* * * LOW HITPOINT WARNING * * *
You are lethally poisoned!
The water moccasin poisons you!
You take 5 damage, and have 22/63 hp.
You miss the water moccasin. You hit the phantom.
* * * LOW HITPOINT WARNING * * *
You feel extremely sick. You block the water moccasin's attack.
The phantom hits you.
* * * LOW HITPOINT WARNING * * *
The phantom blinks!
You blink.
An adder comes into view.
You take 11 damage, and have 11/63 hp.
Unknown command.
Unknown command.
* * * LOW HITPOINT WARNING * * *
You feel very sick.
The adder hisses angrily.
You take 5 damage, and have 6/63 hp.
You barely miss the phantom.
The phantom is lightly damaged.
You die...

.# .. . .# . ... #.# .#
.# . #... #.# .##.#.. #..
#.#####....... ..
..####............# ..#
#...c..§§§@...S# ...
#.≈≈≈§≈§≈§W##..# ##.#
#...≈≈§§§§.#...#
.#..<##.8...S§§≈.....#
......#...≈§≈§≈≈.....#
........§≈≈≈§≈≈...###
..........§§.....########
........#...###..........
....######..#####.#######


You could see a phantom and an adder.

Vanquished Creatures
  An ogre (D:5)
  A phantom (D:5)
  A bullfrog (D:6)
  A howler monkey (D:6)
  An iguana (D:5)
  Natasha (thrice) (D:2)
  6 adders
  A worm (D:2)
  A dart slug (D:1)
  4 bats
  4 endoplasms
  5 giant cockroaches (D:1)
  4 goblins
  2 hobgoblins (D:1)
  2 jackals (D:4)
  7 kobolds
  A quokka (D:2)
  6 ball pythons
  6 frilled lizards (D:1)
  5 rats
62 creatures vanquished.

Notes
Turn   | Place    | Note
-------+----------+-------------------------------------------
     0 | D:1      | Iich the Hill Orc Fighter began the quest for the Orb.
     0 | D:1      | Reached XP level 1. HP: 19/19 MP: 1/1
    21 | D:1      | Reached skill level 3 in Axes
    33 | D:1      | Reached XP level 2. HP: 23/27 MP: 2/2
   215 | D:1      | Reached skill level 4 in Axes
   222 | D:1      | Reached XP level 3. HP: 32/33 MP: 3/3
   489 | D:2      | Noticed Natasha
   505 | D:2      | Killed Natasha
   506 | D:2      | Reached XP level 4. HP: 3/41 MP: 4/4
   580 | D:2      | Noticed Natasha
   631 | D:2      | Killed Natasha
   632 | D:2      | Reached skill level 5 in Axes
   646 | D:2      | Noticed Natasha
   654 | D:2      | Killed Natasha
   719 | D:2      | Reached XP level 5. HP: 44/47 MP: 5/5
   875 | D:2      | Reached skill level 5 in Fighting
   998 | D:2      | Reached skill level 6 in Axes
  1180 | D:5      | Entered Level 5 of the Dungeon
  1180 | D:5      | Noticed a phantom
  1222 | D:6      | Reached skill level 7 in Axes
  1222 | D:6      | Reached XP level 6. HP: 24/56 MP: 6/6
  1617 | D:5      | Reached skill level 8 in Axes
  1617 | D:5      | Reached XP level 7. HP: 55/63 MP: 7/7
  1632 | D:5      | Found an opulent altar of Gozag.
  1659 | D:5      | Succumbed to a water moccasin's poison

Illustrated notes

Levels and vault maps discovered:
D:1:      wheals_arrival_shading, layout_basic, minmay_lizard_pond
D:2:      kb_forest_paths, layout_basic, basic_altar, minmay_fractal_squares_5,
          uniq_natasha, uniq_jessica
D:3:      layout_basic, serial_shops, shop
D:4:      layout_rooms
D:5:      layout_loops_ring, gammafunk_temple_overflow_statue,
          mainiacjoe_overflow_catwalk, lemuel_temple_firewalk_b,
          columned_hall_lemuel, sigmund_edmund_badplayer, uniq_eustachio
D:6:      minmay_diamond_boxcup, layout_basic, serial_shops, shop

Skill      XL: |  1  2  3  4  5  6 |
---------------+-------------------+-----
Axes           | 3 4 5 7 8 |  8.1
Fighting       | 4 5 6 |  6.1
Armour         | |  3.2
Shields        | |  3.2

Action                     |  1- 3 |  4- 6 |  7- 9 || total
---------------------------+-------+-------+-------++-------
  Melee: War axe           |    96 |   112 |     4 ||   212
    Use: Scroll            |       |     3 |       ||     3
         Potion            |       |     1 |       ||     1
 Armour: Scale mail        |    46 |    55 |     1 ||   102
  Dodge: Dodged            |    36 |    60 |    21 ||   117
  Block: Buckler           |    19 |    23 |     3 ||    45

Table legend: (Time is in decaauts)
 A = Elapsed time spent in this place.
 B = Non-inter-level travel time spent in this place.
 C = Inter-level travel time spent in this place.
 D = Time resting spent in this place.
 E = Time spent auto-exploring this place.
 F = Levels seen in this place.
 G = Mean time per level.
                   A        B        C        D        E       F      G
               +--------+--------+--------+--------+--------+-----+--------+
         Total |   1751 |   1702 |     49 |    262 |    678 |   6 |  291.8 |
       Dungeon |   1751 |   1702 |     49 |    262 |    678 |   6 |  291.8 |
               +--------+--------+--------+--------+--------+-----+--------+

Top non-repeatable levels by time:
     D:2: 673 daAuts
     D:1: 529 daAuts
     D:6: 271 daAuts
     D:5: 218 daAuts
     D:3: 40 daAuts
     D:4: 19 daAuts
